| TOP OF THE 1ST |
|
Portland Sea Dogs batting - Pitching for Akron RubberDucks : RHP Chris DeVall
|
|
Pitching: RHP Chris DeVall
|
|
|
Batting: LHB Dave Reyes
|
0-0: Ball 1-0: Foul Ball, location: 2F 1-1: Ground out 4-3 (Groundball, 34D, EV 113.1 MPH)
|
|
Batting: LHB Sergio Tinoco
|
0-0: Foul Ball, location: 2F 0-1: Called Strike 0-2: Ball 1-2: Ball 2-2: Ground out 3-1 (Groundball, 34S, EV 80.6 MPH)
|
|
Batting: RHB Ernie Genier
|
0-0: SINGLE (Line Drive, 34D, EV 111.9 MPH)
|
|
Batting: LHB David Moore
|
0-0: Called Strike 0-1: Ball 1-1: Swinging Strike 1-2: Fielders Choice at 2nd, 6-4 (Groundball, 6, EV 88.1 MPH)
|
| Top of the 1st over - 0 runs, 1 hit, 0 errors, 1 left on base; Portland 0 - Akron 0 |
| BOTTOM OF THE 1ST |
|
Akron RubberDucks batting - Pitching for Portland Sea Dogs : LHP Nick Barnes
|
|
Pitching: LHP Nick Barnes
|
|
|
Batting: RHB Mitch Boyd
|
0-0: Foul Ball, location: 2F 0-1: Ground out 6-3 (Groundball, 6, EV 81.2 MPH)
|
|
Batting: RHB George Wagner
|
0-0: Called Strike 0-1: Called Strike 0-2: Foul Ball, location: 2F 0-2: Ground out 4-3 (Groundball, 4, EV 87.5 MPH)
|
|
Batting: RHB Tristan Wright
|
0-0: Ball 1-0: Swinging Strike 1-1: Ball 2-1: Ball 3-1: Swinging Strike 3-2: SINGLE (Line Drive, 9S, EV 93.8 MPH)
|
|
Batting: LHB Esteban Cordova
|
0-0: Called Strike 0-1: Ball 1-1: Foul Ball, location: 2F 1-2: Foul Ball, location: 2F 1-2: Ball 2-2: Strikes out swinging
|
| Bottom of the 1st over - 0 runs, 1 hit, 0 errors, 1 left on base; Portland 0 - Akron 0 |
| TOP OF THE 2ND |
|
Portland Sea Dogs batting - Pitching for Akron RubberDucks : RHP Chris DeVall
|
|
Batting: RHB Travis Campbell
|
0-0: Swinging Strike 0-1: Ball 1-1: Called Strike 1-2: Ball 2-2: Foul Ball, location: 2F 2-2: Strikes out swinging
|
|
Batting: RHB Mike Batko
|
0-0: Swinging Strike 0-1: Called Strike 0-2: Strikes out swinging
|
|
Batting: RHB Miguel Villanueva
|
0-0: Ball 1-0: Fly out, F3 (Line Drive, 3, EV 66.9 MPH)
|
| Top of the 2nd over - 0 runs, 0 hits, 0 errors, 0 left on base; Portland 0 - Akron 0 |
| BOTTOM OF THE 2ND |
|
Akron RubberDucks batting - Pitching for Portland Sea Dogs : LHP Nick Barnes
|
|
Batting: RHB Anibal Casteles
|
0-0: Ball 1-0: Fly out, F7 (Flyball, 7S, EV 81.9 MPH)
|
|
Batting: RHB Justin Lauderdale
|
0-0: SINGLE (Groundball, 4M, EV 103.1 MPH) (infield hit)
|
|
Batting: LHB Robby Dann
|
0-0: Called Strike Justin Lauderdale is caught stealing 2nd base 2-6 0-1: Ball 1-1: Ground out 4-3 (Groundball, 4, EV 87.5 MPH)
|
| Bottom of the 2nd over - 0 runs, 1 hit, 0 errors, 0 left on base; Portland 0 - Akron 0 |
| TOP OF THE 3RD |
|
Portland Sea Dogs batting - Pitching for Akron RubberDucks : RHP Chris DeVall
|
|
Batting: RHB Frank Sokolosky
|
0-0: Foul Ball, location: 2F 0-1: Ball 1-1: Ball 2-1: Called Strike 2-2: SINGLE (Groundball, 6MD, EV 103.1 MPH) (infield hit)
|
|
Batting: RHB Josh Helman
|
0-0: Fly out, F6 (Popup, 6, EV 76.9 MPH)
|
|
Batting: LHB Dave Reyes
|
0-0: Ball 1-0: Ball Frank Sokolosky is caught stealing 2nd base 2-6 2-0: Ground out U3 (Groundball, 3, EV 104.4 MPH)
|
| Top of the 3rd over - 0 runs, 1 hit, 0 errors, 0 left on base; Portland 0 - Akron 0 |
| BOTTOM OF THE 3RD |
|
Akron RubberDucks batting - Pitching for Portland Sea Dogs : LHP Nick Barnes
|
|
Batting: RHB Charles Marcel
|
0-0: Called Strike 0-1: Ball 1-1: Ball 2-1: Ball 3-1: Called Strike 3-2: Fly out, F8 (Line Drive, 8LM, EV 88.1 MPH)
|
|
Batting: SHB Valentin Laporte
|
0-0: Called Strike 0-1: Ground out 6-3 (Groundball, 6, EV 78.8 MPH)
|
|
Batting: RHB Mitch Boyd
|
0-0: Called Strike 0-1: Swinging Strike 0-2: Ball 1-2: Fly out, F8 (Flyball, 8RD, EV 100.6 MPH)
|
| Bottom of the 3rd over - 0 runs, 0 hits, 0 errors, 0 left on base; Portland 0 - Akron 0 |
| TOP OF THE 4TH |
|
Portland Sea Dogs batting - Pitching for Akron RubberDucks : RHP Chris DeVall
|
|
Batting: LHB Sergio Tinoco
|
0-0: Called Strike 0-1: Swinging Strike 0-2: Ball 1-2: Ground out U3 (Groundball, 3, EV 81.2 MPH)
|
|
Batting: RHB Ernie Genier
|
0-0: Ball 1-0: Foul Ball, location: 2F 1-1: Swinging Strike 1-2: Strikes out swinging
|
|
Batting: LHB David Moore
|
0-0: Ball 1-0: Called Strike 1-1: Ball 2-1: Foul Ball, location: 2F 2-2: Foul Ball, location: 2F 2-2: SINGLE (Groundball, 3D, EV 106.9 MPH)
|
|
Batting: RHB Travis Campbell
|
0-0: Called Strike 0-1: Ball 1-1: Called Strike 1-2: Ball 2-2: Strikes out swinging
|
| Top of the 4th over - 0 runs, 1 hit, 0 errors, 1 left on base; Portland 0 - Akron 0 |
| BOTTOM OF THE 4TH |
|
Akron RubberDucks batting - Pitching for Portland Sea Dogs : LHP Nick Barnes
|
|
Batting: RHB George Wagner
|
0-0: Ball 1-0: Ball 2-0: Called Strike 2-1: Foul Ball, location: 2F 2-2: Ball 3-2: Foul Ball, location: 2F 3-2: Ground out 1-3 (Groundball, 13S, EV 68.1 MPH)
|
|
Batting: RHB Tristan Wright
|
0-0: Ground out 4-3 (Groundball, 4, EV 101.9 MPH)
|
|
Batting: LHB Esteban Cordova
|
0-0: Foul Ball, location: 2F 0-1: Called Strike 0-2: Ball 1-2: Ball 2-2: Ball 3-2: SINGLE (Line Drive, 5D, EV 104.4 MPH)
|
|
Batting: RHB Anibal Casteles
|
0-0: Ball 1-0: Called Strike 1-1: Swinging Strike 1-2: Ball 2-2: Strikes out swinging
|
| Bottom of the 4th over - 0 runs, 1 hit, 0 errors, 1 left on base; Portland 0 - Akron 0 |
| TOP OF THE 5TH |
|
Portland Sea Dogs batting - Pitching for Akron RubberDucks : RHP Chris DeVall
|
|
Batting: RHB Mike Batko
|
0-0: Foul Ball, location: 2F 0-1: Called Strike 0-2: Foul Ball, location: 2F 0-2: Ball 1-2: Ball 2-2: Strikes out swinging
|
|
Batting: RHB Miguel Villanueva
|
0-0: Foul Ball, location: 2F 0-1: Ball 1-1: Foul Ball, location: 2F 1-2: Strikes out swinging
|
|
Batting: RHB Frank Sokolosky
|
0-0: Foul Ball, location: 2F 0-1: Called Strike 0-2: Ball 1-2: Ground out U3 (Groundball, 34S, EV 81.9 MPH)
|
| Top of the 5th over - 0 runs, 0 hits, 0 errors, 0 left on base; Portland 0 - Akron 0 |
| BOTTOM OF THE 5TH |
|
Akron RubberDucks batting - Pitching for Portland Sea Dogs : LHP Nick Barnes
|
|
Batting: RHB Justin Lauderdale
|
0-0: Ball 1-0: Foul Ball, location: 2F 1-1: Ball 2-1: Foul Ball, location: 2F 2-2: Foul Ball, location: 2F 2-2: Ground out 5-3 (Groundball, 56S, EV 89.4 MPH)
|
|
Batting: LHB Robby Dann
|
0-0: Ball 1-0: Ball 2-0: Called Strike 2-1: Ball 3-1: Foul Ball, location: 2F 3-2: Foul Ball, location: 2F 3-2: Foul Ball, location: 2F 3-2: Foul Ball, location: 2F 3-2: Strikes out swinging
|
|
Batting: RHB Charles Marcel
|
0-0: Ball 1-0: Ball 2-0: Called Strike 2-1: Ball 3-1: Base on Balls
|
|
Batting: SHB Valentin Laporte
|
0-0: Ball 1-0: Called Strike 1-1: Ball 2-1: Ball 3-1: Fly out, F3 (Popup, 3SF, EV 78.1 MPH)
|
| Bottom of the 5th over - 0 runs, 0 hits, 0 errors, 1 left on base; Portland 0 - Akron 0 |
| TOP OF THE 6TH |
|
Portland Sea Dogs batting - Pitching for Akron RubberDucks : RHP Chris DeVall
|
|
Batting: RHB Josh Helman
|
0-0: Ball 1-0: DOUBLE (Line Drive, 89D, EV 109.4 MPH)
|
|
Batting: LHB Dave Reyes
|
0-0: Called Strike 0-1: Ground out 1-3 (Groundball, 13S, EV 68.8 MPH) Josh Helman to third
|
|
Batting: LHB Sergio Tinoco
|
0-0: Called Strike 0-1: Foul Ball, location: 2F 0-2: Hit by Pitch
|
|
Batting: RHB Ernie Genier
|
0-0: Ball 1-0: Ball 2-0: Ball 3-0: Base on Balls Sergio Tinoco to second
|
|
Batting: LHB David Moore
|
0-0: Called Strike 0-1: Ball 1-1: Swinging Strike 1-2: Strikes out looking
|
|
Batting: RHB Travis Campbell
|
0-0: Foul Ball, location: 2F 0-1: Ground out 1-3 (Groundball, 25, EV 68.8 MPH)
|
| Top of the 6th over - 0 runs, 1 hit, 0 errors, 3 left on base; Portland 0 - Akron 0 |
| BOTTOM OF THE 6TH |
|
Akron RubberDucks batting - Pitching for Portland Sea Dogs : LHP Nick Barnes
|
|
Batting: RHB Mitch Boyd
|
0-0: Ball 1-0: Ball 2-0: Ground out 6-3 (Groundball, 6M, EV 107.5 MPH)
|
|
Batting: RHB George Wagner
|
0-0: Swinging Strike 0-1: Fly out, F6 (Line Drive, 6, EV 65.6 MPH)
|
|
Batting: RHB Tristan Wright
|
0-0: Ball 1-0: Called Strike 1-1: Ball 2-1: TRIPLE (Flyball, 89XD, EV 97.5 MPH)
|
|
Batting: LHB Esteban Cordova
|
0-0: Ball 1-0: Ball 2-0: Called Strike 2-1: Foul Ball, location: 2F 2-2: Ball 3-2: Foul Ball, location: 2F 3-2: TRIPLE (Flyball, 89XD, EV 95.6 MPH) Tristan Wright scores
|
|
Pitching: RHP Joseph Anderson
|
|
|
Batting: RHB Anibal Casteles
|
0-0: Ball 1-0: Foul Ball, location: 2F 1-1: Fly out, F9 (Flyball, 89S, EV 86.2 MPH)
|
| Bottom of the 6th over - 1 run, 2 hits, 0 errors, 1 left on base; Portland 0 - Akron 1 |
| TOP OF THE 7TH |
|
Portland Sea Dogs batting - Pitching for Akron RubberDucks : RHP Chris DeVall
|
|
Batting: RHB Mike Batko
|
0-0: Ball 1-0: Ball 2-0: Called Strike 2-1: Ball 3-1: Foul Ball, location: 2F 3-2: SINGLE (Groundball, 6D, EV 93.8 MPH)
|
|
Pinch Hitting: LHB Aaron Brannon
|
0-0: Ball 1-0: Called Strike 1-1: Called Strike 1-2: Foul Ball, location: 2F 1-2: Strikes out looking
|
|
Pitching: RHP Jim Averette
|
|
|
Batting: RHB Frank Sokolosky
|
0-0: Fly out, F9 (Flyball, 9, EV 72.5 MPH)
|
|
Batting: RHB Josh Helman
|
0-0: Ball 1-0: Foul Ball, location: 2F 1-1: Foul Ball, location: 2F 1-2: Ball 2-2: Strikes out looking
|
| Top of the 7th over - 0 runs, 1 hit, 0 errors, 1 left on base; Portland 0 - Akron 1 |
| BOTTOM OF THE 7TH |
|
Akron RubberDucks batting - Pitching for Portland Sea Dogs : RHP Joseph Anderson
|
|
Now in RF: Zi-jing Wang
|
|
|
Batting: RHB Justin Lauderdale
|
0-0: Ball 1-0: Ball 2-0: Ball 3-0: Called Strike 3-1: Base on Balls
|
|
Batting: LHB Robby Dann
|
0-0: Called Strike 0-1: Ball 1-1: Ball 2-1: Called Strike Justin Lauderdale steals 2nd base (no throw) 2-2: Ball 3-2: Base on Balls
|
|
Batting: RHB Charles Marcel
|
0-0: Ball 1-0: Bunted foul 1-1: Ball 2-1: Sac Bunt to 5S - play at first, batter OUT! 5-4 Justin Lauderdale to third Robby Dann to second
|
|
Batting: SHB Valentin Laporte
|
0-0: Called Strike 0-1: SINGLE (Line Drive, 4MD, EV 93.8 MPH) Justin Lauderdale scores Robby Dann to third Runner from 3rd tries for Home, SAFE, throw by CF to home
|
|
Batting: RHB Mitch Boyd
|
0-0: Called Strike 0-1: Ball 1-1: Ball 2-1: Ball 3-1: Foul Ball, location: 2F 3-2: Foul Ball, location: 2F 3-2: Base on Balls Valentin Laporte to second
|
|
Batting: RHB George Wagner
|
0-0: Ball 1-0: Ball 2-0: Ball 3-0: Called Strike 3-1: Called Strike 3-2: Fielders Choice at 2nd, 4-6 (Groundball, 4M, EV 106.2 MPH) Valentin Laporte to third
|
|
Pitching: RHP Juan Mejia
|
|
|
Batting: RHB Tristan Wright
|
0-0: Ball 1-0: SINGLE (Groundball, 34S, EV 68.1 MPH) (infield hit) Valentin Laporte scores George Wagner to second
|
|
Batting: LHB Esteban Cordova
|
0-0: Foul Ball, location: 2F 0-1: Called Strike 0-2: Ball 1-2: Fly out, F8 (Flyball, 8LD, EV 103.1 MPH)
|
| Bottom of the 7th over - 3 runs, 2 hits, 0 errors, 2 left on base; Portland 0 - Akron 4 |
| TOP OF THE 8TH |
|
Portland Sea Dogs batting - Pitching for Akron RubberDucks : RHP Jim Averette
|
|
Batting: LHB Dave Reyes
|
0-0: Foul Ball, location: 2F 0-1: Ball 1-1: Swinging Strike 1-2: Foul Ball, location: 2F 1-2: Ball 2-2: Foul Ball, location: 2F 2-2: Strikes out swinging
|
|
Batting: LHB Sergio Tinoco
|
0-0: Called Strike 0-1: Ball 1-1: Foul Ball, location: 2F 1-2: Ball 2-2: Strikes out swinging
|
|
Batting: RHB Ernie Genier
|
0-0: Ground out 6-3 (Groundball, 6, EV 83.1 MPH)
|
| Top of the 8th over - 0 runs, 0 hits, 0 errors, 0 left on base; Portland 0 - Akron 4 |
| BOTTOM OF THE 8TH |
|
Akron RubberDucks batting - Pitching for Portland Sea Dogs : RHP Juan Mejia
|
|
Batting: RHB Anibal Casteles
|
0-0: Called Strike 0-1: Ball 1-1: DOUBLE (Flyball, 78XD, EV 108.8 MPH)
|
|
Batting: RHB Justin Lauderdale
|
0-0: Called Strike 0-1: Ball 1-1: Foul Ball, location: 2F 1-2: SINGLE (Groundball, 6M, EV 108.1 MPH) (infield hit) Anibal Casteles to third
|
|
Batting: LHB Robby Dann
|
0-0: Ball 1-0: SINGLE (Groundball, 6MD, EV 105.0 MPH) Anibal Casteles scores Justin Lauderdale to second
|
|
Batting: RHB Charles Marcel
|
0-0: Bunted foul 0-1: Ball 1-1: Bunt missed! 1-2: SINGLE (Groundball, 6MD, EV 99.4 MPH) Justin Lauderdale to third Robby Dann to second
|
|
Batting: SHB Valentin Laporte
|
0-0: Ball 1-0: Foul Ball, location: 2F 1-1: Foul Ball, location: 2F 1-2: Foul Ball, location: 2F 1-2: Fly out, F7 (Flyball, 7S, EV 89.4 MPH)
|
|
Batting: RHB Mitch Boyd
|
0-0: Called Strike 0-1: Swinging Strike 0-2: Foul Ball, location: 2F 0-2: Ball 1-2: Foul Ball, location: 2F 1-2: Foul Ball, location: 2F 1-2: Ball 2-2: SINGLE (Line Drive, 7LS, EV 91.9 MPH) Justin Lauderdale scores Robby Dann to third Charles Marcel to second
|
|
Pitching: LHP Kevin Turner
|
|
|
Batting: RHB George Wagner
|
0-0: Ball 1-0: Called Strike 1-1: Ball 2-1: Reached on error, E3 (Groundball, 34, EV 83.1 MPH) Robby Dann scores Charles Marcel to third Mitch Boyd to second
|
|
Batting: RHB Tristan Wright
|
0-0: Ball 1-0: Ball 2-0: Ball 3-0: Called Strike 3-1: Called Strike 3-2: SINGLE (Groundball, 6MD, EV 96.9 MPH) Charles Marcel scores Mitch Boyd to third George Wagner to second Runner from 3rd tries for Home, throw by CF and OUT! 8-2
|
|
Batting: LHB Esteban Cordova
|
0-0: Called Strike 0-1: Foul Ball, location: 2F 0-2: Fielders Choice at 2nd, 6-4 (Groundball, 6, EV 105.0 MPH)
|
| Bottom of the 8th over - 4 runs, 6 hits, 1 error, 2 left on base; Portland 0 - Akron 8 |
| TOP OF THE 9TH |
|
Portland Sea Dogs batting - Pitching for Akron RubberDucks : RHP Jim Averette
|
|
Batting: LHB David Moore
|
0-0: Ball 1-0: Ball 2-0: SINGLE (Groundball, 4MD, EV 95.0 MPH)
|
|
Pinch Hitting: SHB Gus Cruz
|
0-0: Ball 1-0: Ball 2-0: Called Strike 2-1: Foul Ball, location: 2F 2-2: Foul Ball, location: 2F 2-2: Ball 3-2: Strikes out swinging
|
|
Batting: RHB Mike Batko
|
0-0: Ball 1-0: Called Strike 1-1: Fly out, F6 (Popup, 6MS, EV 78.1 MPH)
|
|
Pinch Hitting: LHB Blake Sams
|
0-0: Ball 1-0: Called Strike 1-1: Ground out U3 (Groundball, 34, EV 103.8 MPH)
|
| Top of the 9th over - 0 runs, 1 hit, 0 errors, 1 left on base; Portland 0 - Akron 8 |
|